 Dungeon Crawl Stone Soup version 0.24.1-8-ga250c9d538 (webtiles) character file.

Game seed: 5962691131115707501, levelgen mode: deterministic

18 H0rd4k the Magician (level 2, -1/15 HPs)
             Began as a Deep Elf Wizard on May 2, 2020.
             Slain by a leopard gecko (4 damage)
             ... on level 1 of the Dungeon.
             The game lasted 00:01:01 (914 turns).

H0rd4k the Magician (Deep Elf Wizard)                Turns: 914, Time: 00:01:01

Health: -1/15      AC:  2    Str:  4    XL:     2   Next: 48%
Magic:  4/10       EV: 13    Int: 22    God:
Gold:   51         SH:  0    Dex: 13    Spells: 10/11 levels left

rFire    . . .     SeeInvis .   (no weapon)
rCold    . . .     Gourm    .   (no shield)
rNeg     . . .     Faith    .   a - +0 robe
rPois    .         Spirit   .   b - +0 hat
rElec    .         Reflect  .   (no cloak)
rCorr    .         Harm     .   (no gloves)
MR       .....                  (no boots)
Stlth    ++........             (no amulet)
HPRegen  0.05/turn              (no ring)
MPRegen  0.12/turn              (no ring)

@: no status effects
A: no striking features
a: no special abilities


You were on level 1 of the Dungeon.
You were not hungry.

You visited 1 branch of the dungeon, and saw 2 of its levels.

You collected 51 gold pieces.

Inventory:

Armour
 a - a +0 robe (worn)
 b - a +0 hat (worn)
Scrolls
 e - a scroll of enchant weapon {unknown}
 g - a scroll of remove curse {unknown}
 j - a scroll of identify {unknown}
Potions
 c - 2 potions of curing {unknown}
 f - a potion of degeneration {unknown}
 h - a potion of heal wounds {unknown}
 i - a potion of might {unknown}
Comestibles
 d - 3 rations


   Skills:
 + Level 2.6 Dodging
 + Level 2.4 Stealth
 + Level 5.3 Spellcasting
 + Level 1.1 Conjurations
   Level 1.1 Summonings
   Level 1.1 Translocations


You had 10 spell levels left.
You knew the following spells:

 Your Spells              Type           Power        Failure   Level  Hunger
a - Magic Dart            Conj           ##..         6%          1    None

Your spell library contained the following spells:

 Spells                   Type           Power        Failure   Level  Hunger
 Blink                    Tloc           N/A          10%         2    None
 Call Imp                 Summ           ##......     10%         2    None
 Slow                     Hex            #.......     14%         2    None
 Conjure Flame            Conj/Fire      #.......     24%         3    ##.....
 Mephitic Cloud           Conj/Pois/Air  #.......     26%         3    ##.....


Dungeon Overview and Level Annotations

Branches:
Dungeon (2/15)

Altars:

Annotations:
D:2 Natasha


Message History

Found an escape hatch in the floor.
The leopard gecko hisses angrily.
Found a leather armour.
The jackal misses you. The leopard gecko bites you.
There is an escape hatch in the ceiling here.
The jackal barely misses you. The jackal misses you.
The leopard gecko barely misses you. The jackal barely misses you.
A mysterious force pulls you upwards. The hatch slams shut behind you.
The jackal bites you. The leopard gecko barely misses you.
The jackal bites you but does no damage.
The jackal closely misses you. The leopard gecko closely misses you.
The leopard gecko barely misses you. The jackal bites you.
The leopard gecko bites you.
* * * LOW HITPOINT WARNING * * *
The jackal barely misses you. The jackal barely misses you.
There is a stone staircase leading down here.
The jackal closely misses you. The leopard gecko bites you.
You die...

###......##.##..........รท
#.......................
#........#..............
#....#..................
#.........###...##....##
#.....................#
#.....................##
#.....lhh.............#.
#......@..##.....#....#.
#.........##.....#....#.
#.........##.....#....#.
#.........##.....#....#.
#####.....########....#.
#.....# ######. #.....# #.
####### #. #.


You could see a leopard gecko and 2 jackals.

Vanquished Creatures
  2 leopard geckos (D:2)
  2 bats (D:1)
  2 giant cockroaches
  2 hobgoblins (D:1)
  2 jackals (D:2)
  2 kobolds (D:1)
  2 rats
14 creatures vanquished.

Notes
Turn   | Place    | Note
-------+----------+-------------------------------------------
     0 | D:1      | H0rd4k the Deep Elf Wizard began the quest for the Orb.
     0 | D:1      | Reached XP level 1. HP: 10/10 MP: 7/7
   349 | D:1      | Reached skill level 5 in Spellcasting
   737 | D:1      | Reached XP level 2. HP: 15/15 MP: 7/10
   830 | D:2      | Noticed Natasha
   914 | D:1      | Slain by a leopard gecko

Levels and vault maps discovered:
D:1:      dpeg_arrival_concentric_ovals, layout_basic, minmay_bisected
D:2:      layout_rooms, uniq_natasha

Skill      XL: |  1 |
---------------+----+-----
Spellcasting   | 5 |  5.3
Dodging        | |  2.6
Stealth        | |  2.4
Conjurations   | |  1.1
Summonings     | |  1.1
Translocations | |  1.1

Action                   || total
-------------------------++-------
 Cast: Magic Dart        ||    41
Armor: Robe              ||     2
Dodge: Dodged            ||    30
